 Dungeon Crawl Stone Soup version 0.31.0-11-ge490571c62 (webtiles) character file.

Game seed: 9591783372034785980

2709 Curundu the Protected (level 9, -2/78 HPs)
             Began as a Minotaur Berserker on Feb 10, 2024.
             Was a Priest of Trog.
             Slain by an orc warrior
             ... wielding a +0 trident
              (10 damage)
             ... on level 7 of the Dungeon.
             The game lasted 00:25:37 (6329 turns).

Curundu the Protected (Minotaur Berserker)          Turns: 6329, Time: 00:25:40

Health: -2/78      AC: 19    Str: 26    XL:     9   Next: 39%
Magic:  8/8        EV: 10    Int:  4    God:    Trog [***...]
Gold:   262        SH:  0    Dex: 10    Spells: 8/8 levels left

rFire   . . .        w - +4 quarterstaff (chaos)
rCold   . . .        (shield currently unavailable)
rNeg    . . .        l - +0 chain mail
rPois   .            A - +2 hat
rElec   .            x - +2 cloak
rCorr   .            (no gloves)
SInv    .            t - +2 pair of boots
Will    ++...        g - amulet of the acrobat Stlth
                     (no ring)
HPRegen 1.33/turn    (no ring)
MPRegen 0.11/turn

%: acrobat
@: strong-willed, on berserk cooldown, regenerating
A: horns 2, retaliatory headbutt
a: Renounce Religion, Berserk, Trog's Hand


You were on level 7 of the Dungeon.
You worshipped Trog.
Trog was most pleased with you.
You visited 1 branch of the dungeon, and saw 7 of its levels.

You collected 262 gold pieces.

Inventory:

Hand Weapons
 a - a +0 hand axe
 h - a +0 war axe
 w - a +4 quarterstaff of chaos (weapon)
Missiles
 i - 3 silver javelins
 n - 15 boomerangs (quivered)
Armour
 l - a +0 chain mail (worn)
 t - a +2 pair of boots (worn)
 x - a +2 cloak (worn)
 A - a +2 hat (worn)
Jewellery
 g - an amulet of the acrobat (around neck)
 s - a ring of protection from cold
Wands
 j - a wand of charming (11)
 p - a wand of polymorph (12)
 r - a wand of digging (3)
 v - a wand of flame (24)
Scrolls
 k - 4 scrolls of teleportation
 m - a scroll of torment
 u - 2 scrolls of vulnerability
 y - a scroll of enchant weapon {unknown}
Potions
 b - a potion of magic
 c - a potion of curing
 d - a potion of berserk rage
 e - a potion of mutation {unknown}
 f - a potion of brilliance
 o - 2 potions of heal wounds
 q - a potion of lignification {unknown}
 z - a potion of ambrosia {unknown}


   Skills:
 + Level 6.4 Fighting
 * Level 8.1 Axes
 - Level 2.0 Staves
 + Level 2.3 Throwing
 + Level 8.3 Armour
 * Level 5.3 Dodging
 - Level 0.2 Stealth
 * Level 4.6 Shields
 * Level 3.4 Evocations


You had 8 spell levels left.
You didn't know any spells.
Your spell library was empty.

Dungeon Overview and Level Annotations

Branches:
Dungeon (7/15)             Temple (0/1) D:5

Altars:
Ashenzari
Dithmenos
Ru
Yredelemnul

Shops:
D:5 *[[?   D:7 *


Innate Abilities, Weirdness & Mutations

You have a pair of horns on your head.
You reflexively headbutt those who attack you in melee.


Message History

You easily resist.
You barely miss the orc wizard. You headbutt the orc wizard!
The orc wizard is severely wounded.
The orc warrior misses you. The orc wizard barely misses you.
The orc wizard hits you but does no damage.
The orc warrior hits you from afar with a +0 trident!
The orc wizard closely misses you.
The orc wizard hits you but does no damage.
You bump into the rock wall.
You feel less confused.
The orc wizard points at you and mumbles some strange words.
The magic dart hits you.
* * * LOW HITPOINT WARNING * * *
The orc wizard closely misses you.
The orc warrior hits you but does no damage.
Your skin crawls.
You feel strong-willed. The orc wizard barely misses you.
The orc warrior hits you from afar with a +0 trident.
* * * LOW HITPOINT WARNING * * *
You sock the orc wizard!
Lightning courses through the orc wizard!
You kill the orc wizard!
Trog accepts your kill.
Trog appreciates your killing of a magic user.
The orc warrior hits you but does no damage.
The orc warrior hits you from afar with a +0 trident.
* * * LOW HITPOINT WARNING * * *
You're still recovering from your berserk rage.
You feel yourself speed up.
Things that are here:
a +0 dagger; a +0 robe You hit the orc warrior.
You burn the orc warrior. Your headbutt misses the orc warrior.
The orc warrior is lightly wounded.
The orc warrior hits you with a +0 trident!
* * * LOW HITPOINT WARNING * * *
The orc wizard hits you but does no damage.
The orc warrior hits you with a +0 trident!
You die... .. #. #. #. #. # #. ###..#o######### ......o@........ ###∩.########### #

You could see an orc warrior and an orc wizard (corroded).

Vanquished Creatures
  Pikel (D:6)
  Jeremiah (D:6)
  Prince Ribbit (D:6)
  Eustachio (D:5)
  Duvessa (D:6)
  2 ice beasts
  2 ogres (D:6)
  A centaur (D:6)
  A lemure (D:6)
  A phantom (D:5)
  Blork the orc (D:5)
  2 scorpions
  Dowan (D:6)
  A killer bee (D:7)
  A jelly (D:6)
  Crazy Yiuf (D:3)
  A gnoll bouda (D:6)
  4 hounds
  A sleepcap (D:6)
  Ijyb (D:3)
  3 iguanas
  3 orc wizards
  16 gnolls
  4 adders
  A shadow imp (D:6)
  A white imp (D:5)
  5 dart slugs
  3 ribbon worms
  20 orcs
  8 endoplasms
  3 giant cockroaches
  10 goblins
  8 hobgoblins
  5 jackals
  7 quokkas
  4 ball pythons
  3 bats
  2 frilled lizards
  9 kobolds
  6 rats
147 creatures vanquished.

Notes
Turn   | Place    | Note
-------+----------+-------------------------------------------
     0 | D:1      | Curundu the Minotaur Berserker began the quest for the Orb.
     0 | D:1      | Reached XP level 1. HP: 19/19 MP: 0/0
   109 | D:1      | Reached XP level 2. HP: 15/27 MP: 1/1
   950 | D:2      | Reached XP level 3. HP: 33/33 MP: 2/2
   978 | D:2      | Reached ** piety under Trog
  1089 | D:2      | Found a faded altar of an unknown god.
  1342 | D:3      | Reached skill level 5 in Axes
  1342 | D:3      | Reached XP level 4. HP: 37/41 MP: 3/3
  1489 | D:3      | Noticed a scorpion
  1495 | D:3      | Killed a scorpion
  1496 | D:3      | Reached XP level 5. HP: 47/47 MP: 4/4
  2138 | D:3      | Noticed Ijyb
  2143 | D:3      | Killed Ijyb
  2154 | D:3      | Found a runed translucent door.
  2155 | D:3      | Noticed Crazy Yiuf
  2162 | D:3      | Killed Crazy Yiuf
  2392 | D:4      | Reached XP level 6. HP: 21/53 MP: 5/5
  2601 | D:4      | Found a broken altar of Ashenzari.
  2666 | D:4      | Found a basalt altar of Yredelemnul.
  2862 | D:4      | Reached *** piety under Trog
  2986 | D:4      | Found a sacrificial altar of Ru.
  2996 | D:4      | Found a shadowy altar of Dithmenos.
  3117 | D:4      | Reached skill level 1 in Staves
  3285 | D:4      | Reached skill level 5 in Armour
  3509 | D:5      | Entered Level 5 of the Dungeon
  3515 | D:5      | Noticed Blork the orc
  3520 | D:5      | Killed Blork the orc
  3654 | D:5      | Reached skill level 5 in Fighting
  3654 | D:5      | Reached XP level 7. HP: 61/61 MP: 6/6
  3737 | D:5      | Found Pacviel's Magic Scroll Emporium.
  3836 | D:5      | Noticed Eustachio
  3841 | D:5      | Reached skill level 1 in Shields
  3856 | D:5      | Killed Eustachio
  3857 | D:5      | Reached skill level 1 in Evocations
  3866 | D:5      | Found Sohor's Armour Emporium.
  3921 | D:5      | Found Miagola's Armour Boutique.
  3949 | D:5      | Found Ciote's General Store.
  3959 | D:5      | Found a staircase to the Ecumenical Temple.
  4398 | D:6      | Reached XP level 8. HP: 69/69 MP: 7/7
  4548 | D:6      | Noticed Jeremiah
  4615 | D:6      | Killed Jeremiah
  4751 | D:6      | Noticed Duvessa
  4751 | D:6      | Noticed Dowan
  4755 | D:6      | Killed Duvessa
  4756 | D:6      | Reached skill level 1 in Throwing
  4761 | D:6      | Killed Dowan
  5140 | D:6      | Noticed Prince Ribbit
  5149 | D:6      | Killed Prince Ribbit
  5160 | D:6      | Reached skill level 5 in Dodging
  5160 | D:6      | Reached XP level 9. HP: 56/75 MP: 8/8
  5669 | D:6      | Noticed Pikel
  5680 | D:6      | Killed Pikel
  6299 | D:7      | Found Foon Cewk's Lightly-Used Armoury.
  6329 | D:7      | Slain by an orc warrior

Illustrated notes

Levels and vault maps discovered:
D:1:      onia_arrival_mini_spirals, layout_basic, minmay_misc_feat_hallway,
          chequers_big_river, corexii_item_surrounded_by_moat,
          kennysheep_crisscross, serial_bayou_pond_a
D:2:      layout_rooms, shapermc_ecumenical_altar_acropolis, minmay_pentomino_x2
D:3:      corexii_shack_village, layout_loops_cross, uniq_crazy_yiuf_cottage,
          uniq_ijyb
D:4:      layout_cave_pods, old_standard_altar, kennysheep_mini_moat,
          jmf_multi_god_temple2
D:5:      layout_basic, minmay_temple_entry_sparse_star, serial_shops,
          nicolae_shop_rolled_up, nicolae_shop_tiny_real_fake_doors,
          nicolae_stop_n_shop_1, shop, supply_closet_lemuel, uniq_eustachio,
          uniq_blork_the_orc
D:6:      layout_layer_cave, uniq_pikel, uniq_prince_ribbit1, uniq_jeremiah,
          uniq_duvessa
D:7:      layout_basic, chequers_mini_garden, minmay_shop_damaged,
          minmay_crystal_water, nicolae_shop_clearance

Skill      XL: |  1  2  3  4  5  6  7  8  9 |
---------------+----------------------------+-----
Axes           | 4 5 6 7 8 |  8.1
Fighting       | 4 5 6 |  6.4
Armour         | 3 4 5 6 7 8 |  8.3
Dodging        | 3 4 5 |  5.3
Staves         | 2 |  2.0
Shields        | 2 4 |  4.6
Evocations     | 1 2 3 |  3.4
Throwing       | 1 2 |  2.3
Stealth        | |  0.2

Action                     |  1- 3 |  4- 6 |  7- 9 || total
---------------------------+-------+-------+-------++-------
  Melee: Hand axe          |    77 |    63 |       ||   140
         Headbutt          |    16 |    15 |    17 ||    48
         Punch             |     2 |       |       ||     2
         Quarterstaff      |       |    53 |   123 ||   176
         Unarmed           |       |     2 |       ||     2
  Throw: Boomerang         |       |       |    14 ||    14
         Javelin           |       |       |     4 ||     4
 Invoke: Trog's Hand       |       |     3 |     7 ||    10
         Berserk           |       |     1 |     3 ||     4
    Use: Scroll            |       |    11 |     3 ||    14
   Stab: Paralysed         |       |       |     1 ||     1
 Armour: Animal skin       |    31 |       |       ||    31
         Ring mail         |    11 |    49 |       ||    60
         Scale mail        |       |    36 |     3 ||    39
         Chain mail        |       |       |   195 ||   195
  Dodge: Dodged            |    69 |   112 |   138 ||   319
